 Dungeon Crawl Stone Soup version 0.29.1-4-g47bece8355 (webtiles) character file.

Game seed: 8685675966958504486

3662 Descartes the Blocker (level 10, -1/70 HPs)
             Began as a Formicid Fighter on Dec 11, 2022.
             Was an Initiate of Gozag.
             Killed from afar by an acid dragon (19 damage)
             ... with a splash of acid
             ... on level 9 of the Dungeon.
             The game lasted 00:13:13 (7268 turns).

Descartes the Blocker (Formicid Fighter)            Turns: 7268, Time: 00:13:13

Health: -1/70      AC: 18    Str: 21    XL:     10   Next: 34%
Magic:  10/10      EV:  4    Int: 12    God:    Gozag
Gold:   602        SH: 18    Dex: 13    Spells: 9/9 levels left

rFire   . . .      SeeInvis +   Q - +8 dire flail (freeze)
rCold   . . .      Faith    .   R - +3 tower shield {rPois}
rNeg    . . .      Spirit   .   O - +0 plate armour
rPois   +          Reflect  .   (helmet unavailable)
rElec   .          Harm     .   N - +0 cloak
rCorr   .          Rampage  .   (no gloves)
Will    +....                   (no boots)
Stlth   ..........              l - amulet of regeneration
HPRegen 1.01/turn               v - +4 ring of protection
MPRegen 0.12/turn               a - ring of poison resistance

@: gold aura
A: permanent stasis, dig shafts and tunnels, antennae 3, four strong arms
a: Dig, Shaft Self, Renounce Religion, Potion Petition, Call Merchant, Bribe
Branch


You were on level 9 of the Dungeon.
You worshipped Gozag.
Gozag was pleased with you.
You visited 2 branches of the dungeon, and saw 10 of its levels.

You collected 747 gold pieces.
You paid 145 gold pieces to Gozag.

Inventory:

Hand Weapons
 t - a +0 battleaxe
 z - a +1 whip of electrocution
 D - a +0 morningstar
 L - a +1 war axe of freezing
 Q - a +8 dire flail of freezing (weapon)
Missiles
 o - 5 boomerangs of dispersal
 p - 15 poisoned darts
 w - 13 boomerangs
 I - 5 curare-tipped darts
Armour
 N - a +0 cloak (worn)
 O - a +0 plate armour (worn)
 R - a +3 tower shield of poison resistance (worn)
Jewellery
 a - a ring of poison resistance (right hand)
 l - an amulet of regeneration (around neck)
 v - a +4 ring of protection (left hand)
 C - a ring of ice
Wands
 K - a wand of polymorph (16)
 M - a wand of flame (53)
 P - a wand of roots (10)
Scrolls
 c - 7 scrolls of identify
 e - 3 scrolls of fear {unknown}
 f - 5 scrolls of teleportation
 h - 3 scrolls of brand weapon {unknown}
 m - 3 scrolls of amnesia
 n - 5 scrolls of immolation
 q - 2 scrolls of noise {unknown}
 y - 2 scrolls of poison {unknown}
 A - a scroll of enchant weapon {unknown}
 F - 4 scrolls of vulnerability
 G - a scroll of magic mapping {unknown}
Potions
 b - 2 potions of magic {unknown}
 d - 2 potions of might
 g - 2 potions of cancellation {unknown}
 j - 7 potions of curing
 r - 4 potions of attraction {unknown}
 s - a potion of resistance {unknown}
 u - 3 potions of flight {unknown}
 x - a potion of degeneration {unknown}
 B - 3 potions of ambrosia {unknown}
 H - 2 potions of brilliance {unknown}
 J - 2 potions of haste {unknown}


   Skills:
 - Level 3.2 Fighting
 + Level 6.4(6.8) Axes
 + Level 3.2(5.2) Maces & Flails
 + Level 7.4 Armour
 + Level 8.9 Shields
 + Level 5.6 Translocations
 + Level 6.5 Evocations


You had 9 spell levels left.
You didn't know any spells.
Your spell library contained the following spells:

 Spells                   Type           Power      Damage    Failure   Level
 Beastly Appendage        Tmut           0%         N/A       100%        1
 Poisonous Vapours        Pois/Air       0%         N/A       100%        2
 Sublimation of Blood     Necr           0%         N/A       100%        2
 Wereblood                Tmut           0%         N/A       100%        2
 Call Canine Familiar     Summ           0%         N/A       100%        3
 Confusing Touch          Hex            0%         N/A       100%        3
 Inner Flame              Hex/Fire       0%         N/A       100%        3
 Portal Projectile        Hex/Tloc       12%        N/A       100%        3
 Spider Form              Tmut/Pois      0%         N/A       100%        3
 Cause Fear               Hex            0%         N/A       100%        4
 Leda's Liquefaction      Hex/Erth       0%         N/A       100%        4
 Yara's Violent Unravell  Hex/Tmut       0%         3d3       100%        5
 Dragon Form              Tmut           0%         N/A       100%        7
 Enfeeble                 Hex            0%         N/A       100%        7
 Summon Hydra             Summ           0%         N/A       100%        7
 Discord                  Hex            0%         N/A       100%        8
 Dragon's Call            Summ           0%         N/A       100%        9
 Corpse Rot               Necr/Pois/Air  Unusable   N/A       N/A         4

Dungeon Overview and Level Annotations

Branches:
Dungeon (9/15)             Temple (1/1) D:7
   Lair: D:8-11         Orc: D:9-12

Altars:
Ashenzari
Cheibriados
Dithmenos
Elyvilon
Fedhas
Gozag
Hepliaklqana
Kikubaaqudgha
Makhleb
Nemelex Xobeh
Okawaru
Qazlal
Ru
Sif Muna
Uskayaw
Wu Jian
Yredelemnul
Zin


Innate Abilities, Weirdness & Mutations

You cannot be hasted, slowed, berserked, paralysed or teleported.
You can dig through walls and to a lower floor.
You have a pair of large antennae on your head. (SInv)
Your four strong arms can wield two-handed weapons with a shield.


Message History

You closely miss the orc warrior.
You feel sick.
You are no longer poisoned.
An orc comes into view. It is wielding a +0 mace.
You block the orc warrior's attack.
You barely miss the orc warrior.
The orc shouts!
You block the orc priest's attack. You block the orc warrior's attack.
The orc priest hits you with a +0 whip.
The orc warrior is distracted by your dazzling golden aura.
The orc warrior shouts!
You hit the orc warrior. You freeze the orc warrior.
The orc warrior is no longer distracted by gold.
The orc warrior is moderately wounded.
You block the acid dragon's attack. The acid dragon barely misses you.
The orc warrior hits you but does no damage.
Space warps horribly around you!
The orc priest hits you but does no damage.
You block the orc priest's attack.
Things that are here:
7 gold pieces; a +0 dagger The orc warrior attacks as you move away!
You block the orc warrior's attack.
The orc priest attacks as you move away!
You block the orc priest's attack. The acid dragon spits acid at you.
The splash of acid hits you!
You hear an angry buzzing noise.
The orc priest invokes the aid of Beogh against you.
Beogh smites you!
You sock the orc warrior! You freeze the orc warrior.
The orc warrior is severely wounded.
The orc warrior hits you but does no damage.
Space warps horribly around you!
* * * LOW HITPOINT WARNING * * *
You bludgeon the orc warrior!! You freeze the orc warrior.
You kill the orc warrior!
The acid dragon spits acid at you. The splash of acid hits you!!
You die...
Your body crumbles into a pile of gold.

#...........###########.
#.........##...........
#......................
##.....................
#######..$.o.................
#.#.#.#.#.#o#.#.#.)..........
........$D..{................
#.#.#.#.#.#>#$#.#.#............
..............@................
.#.#.#.#.#.#.#.#.#............
####..................<....
#.......................
##......................
#......................
#......................
##.....................
#.....................


You could see an acid dragon (catching breath), an orc priest and an orc.

Vanquished Creatures
  An unseen horror (D:9)
  A hornet (D:9)
  Sigmund (D:2)
  2 wyverns
  3 steam dragons (D:8)
  A water moccasin (D:8)
  An orc warrior (D:9)
  5 black bears
  2 centaurs
  2 bullfrogs
  A gnoll sergeant (D:8)
  A kobold brigand (D:8)
  2 necrophages
  6 scorpions
  4 wights
  A howler monkey (D:4)
  A crimson imp (D:4)
  A jelly (D:7)
  3 hounds
  3 orc priests
  3 iguanas
  6 orc wizards
  Robin (D:2)
  4 gnolls (D:8)
  An adder (D:4)
  3 white imps
  A worm (D:5)
  A dart slug (D:4)
  30 orcs
  5 ball pythons
  7 endoplasms
  6 giant cockroaches
  18 goblins
  A hobgoblin (D:1)
  2 jackals (D:4)
  13 kobolds
  4 quokkas
  10 bats
  A frilled lizard (D:1)
  3 rats (D:1)
162 creatures vanquished.

Notes
Turn   | Place    | Note
-------+----------+-------------------------------------------
     0 | D:1      | Descartes the Formicid Fighter began the quest for the Orb.
     0 | D:1      | Reached XP level 1. HP: 18/18 MP: 1/1
    88 | D:1      | Reached XP level 2. HP: 18/24 MP: 2/2
   302 | D:1      | Found a faded altar of an unknown god.
   360 | D:1      | Reached skill level 1 in Evocations
   360 | D:1      | Reached XP level 3. HP: 29/29 MP: 3/3
  1070 | D:2      | Reached skill level 1 in Translocations
  1386 | D:2      | Reached XP level 4. HP: 35/35 MP: 4/4
  1414 | D:2      | Noticed Sigmund
  1424 | D:2      | Killed Sigmund
  1425 | D:2      | Reached skill level 5 in Shields
  1425 | D:2      | Reached XP level 5. HP: 24/41 MP: 5/5
  1425 | D:2      | Reached XP level 6. HP: 27/47 MP: 6/6
  1589 | D:2      | Noticed Robin
  1598 | D:2      | Killed Robin
  2682 | D:4      | Found a hide-covered altar of Uskayaw.
  2790 | D:4      | Reached XP level 7. HP: 52/52 MP: 7/7
  3245 | D:4      | Found a sacrificial altar of Ru.
  3494 | D:5      | Entered Level 5 of the Dungeon
  3679 | D:5      | Reached skill level 6 in Shields
  3681 | D:5      | Reached skill level 5 in Armour
  4113 | D:5      | Reached XP level 8. HP: 32/58 MP: 8/8
  4641 | D:6      | Reached skill level 7 in Shields
  5269 | D:6      | Found a shadowy altar of Dithmenos.
  5292 | D:6      | Reached skill level 5 in Axes
  5292 | D:6      | Reached XP level 9. HP: 61/64 MP: 9/9
  5362 | D:7      | Reached skill level 5 in Evocations
  5536 | D:7      | Found a snail-covered altar of Cheibriados.
  5588 | D:7      | Reached skill level 1 in Maces & Flails
  5711 | D:7      | Found a staircase to the Ecumenical Temple.
  5731 | Temple   | Entered the Ecumenical Temple
  5741 | Temple   | Became a worshipper of Gozag Ym Sagoz the Greedy
  6444 | D:8      | Reached skill level 8 in Shields
  6538 | D:8      | Found an ornate altar of the Wu Jian Council.
  6686 | D:8      | Reached skill level 5 in Translocations
  6800 | D:8      | Reached XP level 10. HP: 70/70 MP: 10/10
  7224 | D:9      | Noticed an unseen horror
  7235 | D:9      | Killed an unseen horror
  7268 | D:9      | Killed from afar by an acid dragon

Illustrated notes

Levels and vault maps discovered:
D:1:      dpeg_arrival_erosion, layout_loops_ring,
          shapermc_ecumenical_altar_venn, chequers_mini_garden
D:2:      layout_basic, uniq_sigmund, uniq_robin
D:3:      layout_loops_ring
D:4:      layout_cave_pods, general_overflow_altar,
          mainiacjoe_overflow_24_doors, minmay_fire_ice_demons
D:5:      layout_gridville, st_stairs_5, water_boxes_lemuel
D:6:      layout_basic, grunt_dithmenos_smoke_and_mirrors
D:7:      layout_basic, lemuel_doored_altar, temple_statues, minmay_holes
D:8:      layout_loops_corners, nicolae_overflow_crystal_walls,
          chequers_serial_rivers_micro_a
D:9:      layout_cave_pods, grunt_temple_overflow_open, st_stairs_13
Temple:   nicolae_temple_bog_church

Skill      XL: |  1  2  3  4  5  6  7  8  9 10 |
---------------+-------------------------------+-----
Evocations     | 1 2 3 4 6 |  6.5
Translocations | 1 2 3 4 5 |  5.6
Axes           | 3 4 5 6 |  6.4
Armour         | 4 5 6 7 |  7.4
Shields        | 5 6 7 8 |  8.9
Maces & Flails | 2 3 |  3.2
Fighting       | |  3.2

Action                   |  1- 3 |  4- 6 |  7- 9 | 10-12 || total
-------------------------+-------+-------+-------+-------++-------
Melee: War axe           |   127 |    45 |       |       ||   172
       Battleaxe         |       |    94 |   230 |       ||   324
       Dire flail        |       |       |    92 |    28 ||   120
 Abil: Dig               |       |     1 |       |       ||     1
  Use: Scroll            |       |       |     9 |       ||     9
Armor: Scale mail        |    96 |    73 |       |       ||   169
       Chain mail        |       |       |   111 |       ||   111
       Plate armour      |       |       |   166 |    15 ||   181
Dodge: Dodged            |    85 |    59 |   128 |     1 ||   273
Block: Buckler           |    42 |    42 |    95 |       ||   179
       Tower shield      |       |       |    81 |    28 ||   109
